 Dungeon Crawl Stone Soup version 0.27-a0-1308-gc08437e49b (webtiles) character file.

Game seed: 11459115142261500184

1 flotson the Sneak (level 1, 0/18 HPs)
             Began as a Demonspawn Delver on June 18, 2021.
             Slain by an orc (1 damage)
             ... on level 4 of the Dungeon.
             The game lasted 00:00:22 (56 turns).

flotson the Sneak (Demonspawn Delver)                 Turns: 56, Time: 00:00:23

Health: 0/18       AC:  3    Str: 12    XL:     1   Next: 16%
Magic:  1/1        EV: 11    Int: 11    God:
Gold:   0          SH:  0    Dex: 14    Spells: 0/0 levels left

rFire    . . .     SeeInvis .   a - +0 hand axe
rCold    . . .     Faith    .   (no shield)
rNeg     . . .     Spirit   .   b - +0 leather armour
rPois    .         Reflect  .   (no helmet)
rElec    .         Harm     .   (no cloak)
rCorr    .         Rampage  .   (no gloves)
Will     .....                  (no boots)
Stlth    ++........             (no amulet)
HPRegen  0.06/turn              (no ring)
MPRegen  0.07/turn              (no ring)

@: hasted, very quick
A: no striking features
a: no special abilities


You were on level 4 of the Dungeon.
You visited 1 branch of the dungeon, and saw 2 of its levels.

Inventory:

Hand Weapons
 a - a +0 hand axe (weapon)
Armour
 b - a +0 leather armour (worn)
Wands
 g - a wand of digging (3)
Scrolls
 c - a scroll of fog
 d - 2 scrolls of magic mapping
 e - a scroll of fear


   Skills:
 + Level 3.0 Fighting
 + Level 1.8 Axes
 + Level 0.0 Armour
 + Level 1.8 Dodging
 - Level 4.5 Stealth


You couldn't memorise any spells.
You didn't know any spells.
Your spell library was empty.

Dungeon Overview and Level Annotations

Branches:
Dungeon (5/15)
 Temple: D:4-7

Altars:


Message History

You open the door.
A quokka comes into view.
There is an open door here.
The quokka misses you.
You closely miss the quokka. The quokka bites you.
You closely miss the quokka. The quokka misses you. The quokka bites you.
You hit the quokka.
You kill the quokka!
No target in view!
No target in view!
No target in view!
No target in view!
No target in view!
An orc comes into view. It is wielding a +0 war axe.
You see here a quokka corpse.
The orc shouts!
The orc throws a boomerang.
The boomerang hits you.
You see here a quokka corpse.
The orc throws a boomerang.
The boomerang closely misses you.
There is an open door here.
You start resting.
An orc is nearby!
An orc is nearby!
You barely miss the orc. The orc hits you with a +0 war axe.
You hit the orc.
The orc is moderately wounded.
The orc curses noisily.
The orc hits you with a +0 war axe.
* * * LOW HITPOINT WARNING * * *
You hit the orc.
The orc is almost dead.
The orc closely misses you. The orc hits you with a +0 war axe.
* * * LOW HITPOINT WARNING * * *
You feel yourself speed up. The orc closely misses you.
You closely miss the orc.
The orc is severely wounded.
You hit the orc.
The orc is almost dead.
The orc hits you with a +0 war axe.
You die...

..........#. .
#.........#.. ..
#.........# .###### ...
#.........# .....+ ....
#.....o...###+##...# .....
#.........#...##...#......
#.........#....'...+......
+.....†...#@..##...#......
#.........o...##..># ....h
#.........#...#....# ....
#.........#...#....# ...
#.........#...+....+ ..
#.........#.####+### .
#############


You could see an orc.

Vanquished Creatures
  A quokka (D:4)
1 creature vanquished.

Notes
Turn   | Place    | Note
-------+----------+-------------------------------------------
     0 | D:5      | flotson the Demonspawn Delver began the quest for the Orb.
     0 | D:5      | Reached XP level 1. HP: 18/18 MP: 1/1
     6 | D:5      | Noticed an orc wizard
    20 | D:4      | Noticed a hound
    56 | D:4      | Slain by an orc

Illustrated notes

Levels and vault maps discovered:
D:4:      layout_gridville, minmay_temple_entry_mist
D:5:      layout_basic

Action                   || total
-------------------------++-------
Melee: Hand axe          ||     8
  Use: Potion            ||     1
Dodge: Dodged            ||     5

Table legend: (Time is in decaauts)
 A = Elapsed time spent in this place.
 B = Non-inter-level travel time spent in this place.
 C = Inter-level travel time spent in this place.
 D = Time resting spent in this place.
 E = Time spent auto-exploring this place.
 F = Levels seen in this place.
 G = Mean time per level.
                   A        B        C        D        E       F      G
               +--------+--------+--------+--------+--------+-----+--------+
         Total |     57 |     57 |      0 |      4 |      8 |   2 |   28.5 |
       Dungeon |     57 |     57 |      0 |      4 |      8 |   2 |   28.5 |
               +--------+--------+--------+--------+--------+-----+--------+

Top non-repeatable levels by time:
     D:4: 40 daAuts
     D:5: 17 daAuts
